 Dungeon Crawl Stone Soup version 0.19-b1-1-g9a3527e (webtiles) character file.

44 Chiseanne the Magician (level 3, 0/24 HPs)
             Began as a Demonspawn Wizard on Oct 28, 2016.
             Slain by an orc
             ... wielding a +0 short sword
              (6 damage)
             ... on level 3 of the Dungeon.
             The game lasted 00:07:29 (2085 turns).

Chiseanne the Magician (Demonspawn Wizard)          Turns: 2085, Time: 00:07:30

Health: 0/24       AC:  2    Str:  7    XL:     3   Next: 41%
Magic:  1/8        EV: 12    Int: 20    God:
Gold:   56         SH:  3    Dex: 11    Spells: 4 memorised, 1 level left

rFire  . . .     SeeInvis .     h - +1 short sword
rCold  + . .     Gourm    .     a - +0 robe
rNeg   . . .     Faith    .     (no shield)
rPois  .         Spirit   .     b - +0 hat
rElec  .         Reflect  +     (no cloak)
rCorr  .         Harm     .     (no gloves)
MR     .....                    (no boots)
Stlth  ++........               n - +3 amulet of reflection
                                (no ring)
                                (no ring)

@: very slightly contaminated, invisible
A: claws 1, cold resistance 1
a: no special abilities


You were on level 3 of the Dungeon.
You were hungry.

You visited 1 branch of the dungeon, and saw 3 of its levels.

You collected 56 gold pieces.

Inventory:

Hand Weapons
 h - a +1 short sword (weapon)
Missiles
 g - 45 stones (quivered)
 m - 12 sling bullets
 o - 8 tomahawks
 s - 19 bolts
Armour
 a - a +0 robe (worn)
 b - a +0 hat (worn)
Jewellery
 n - a +3 amulet of reflection (around neck)
Scrolls
 t - 2 scrolls of identify
Potions
 i - a potion of ambrosia {unknown}
 k - a potion of flight {unknown}
 l - a potion of curing {unknown}
Books
 c - a book of Minor Magic

   Spells                             Type                      Level
   a - Magic Dart                     Conjuration                  1
   b - Blink                          Translocation                2
   c - Call Imp                       Summoning                    2
   d - Repel Missiles                 Charms/Air                   2
   e - Slow                           Hexes                        2
   f - Conjure Flame                  Conjuration/Fire             3
   g - Mephitic Cloud                 Conjuration/Poison/Air       3
Comestibles
 d - 3 bread rations
 f - a beef jerky
 p - 2 meat rations
 q - 4 fruits


   Skills:
 - Level 1.7 Dodging
 - Level 1.7 Stealth
 * Level 3.7 Spellcasting
 * Level 2.4 Conjurations
   Level 1.0 Summonings
 - Level 0.8 Translocations


You had one spell level left.
You knew the following spells:

 Your Spells              Type           Power        Failure   Level  Hunger
a - Magic Dart            Conj           ##..         6%          1    None
b - Blink                 Tloc           N/A          17%         2    ##.....
c - Repel Missiles        Chrm/Air       #.....       24%         2    ##.....
d - Mephitic Cloud        Conj/Pois/Air  #.......     30%         3    ###....


Dungeon Overview and Level Annotations

Branches:
Dungeon (3/15)

Altars:

Annotations:
D:1 Terence
D:2 Sigmund
D:3 Chiseanne's ghost, amateur SpMo


Innate Abilities, Weirdness & Mutations

You have sharp fingernails.
Your flesh is cold resistant. (rC+)


Message History

The leopard gecko completely misses you.
The orc misses you.
You barely miss the orc.
The orc is almost dead.
You block the leopard gecko's attack. The orc closely misses you.
You closely miss the orc.
The orc is almost dead.
The leopard gecko barely misses you. The orc hits you with a short sword.
The leopard gecko closely misses you.
You closely miss the orc.
The orc is almost dead.
The orc hits you but does no damage. The leopard gecko closely misses you.
You hit the orc but do no damage.
The orc is almost dead.
The orc hits you with a short sword. The leopard gecko bites you.
* * * LOW HITPOINT WARNING * * *
You barely miss the orc.
The orc is almost dead.
The leopard gecko closely misses you. The orc hits you with a short sword.
You die...

########## #.........
#.######## .. #W# #. #g#
.## #S# .s# #l# ## #.#
#@# .## #.# #o#
..#######.######g#.
....og.K..S§g....o......
..g#######l#####.#.###..
...# #.# #.#.# ...# #.#
#.# . ...# #.. #.# ..
.#.# ##. #.. ..


You could see Chiseanne's ghost, an adder, 2 orcs, a leopard gecko and 2
goblins.

Vanquished Creatures
  A dart slug (D:1)
  A worm (D:2)
  2 leopard geckos
  An orc (D:3)
  A giant cockroach (D:2)
  7 goblins
  5 hobgoblins
  5 kobolds
  5 bats
  2 frilled lizards (D:1)
  3 rats
33 creatures vanquished.

Notes
Turn   | Place    | Note
-------+----------+-------------------------------------------
     0 | D:1      | Chiseanne the Demonspawn Wizard began the quest for the Orb.
     0 | D:1      | Reached XP level 1. HP: 13/13 MP: 4/4
   443 | D:1      | Gained mutation: You have sharp fingernails. [demonic ancestry]
   443 | D:1      | Reached XP level 2. HP: 19/19 MP: 3/6
   475 | D:1      | Learned a level 2 spell: Blink
   478 | D:1      | Learned a level 2 spell: Repel Missiles
  1254 | D:2      | Noticed Terence
  1491 | D:2      | Gained mutation: Your flesh is cold resistant. (rC+) [demonic ancestry]
  1491 | D:2      | Reached XP level 3. HP: 24/24 MP: 1/8
  1686 | D:2      | Noticed Sigmund
  1766 | D:3      | Learned a level 3 spell: Mephitic Cloud
  2058 | D:3      | Noticed Chiseanne's ghost (amateur SpMo)
  2085 | D:3      | Slain by an orc

Skill      XL: |  1  2 |
---------------+-------+-----
Conjurations   | 2 |  2.4
Dodging        | |  1.7
Stealth        | |  1.7
Spellcasting   | |  3.7
Summonings     | |  1.0
Translocations | |  0.8

Action                   || total
-------------------------++-------
Melee: Short sword       ||    27
 Cast: Magic Dart        ||    84
       Blink             ||     5
       Mephitic Cloud    ||     2
  Use: Scroll            ||     3
       Potion            ||     3
 Stab: Invisible         ||     3
  Eat: Chunk             ||     3
Armor: Robe              ||    12
Dodge: Dodged            ||    57
Block: Other             ||     4
